 Dungeon Crawl Stone Soup version 0.20.1-1-g8b1a95d (webtiles) character file.

1460 theAP the Geomancer (level 8, 0/41 HPs)
             Began as a Gargoyle Earth Elementalist on Aug 31, 2017.
             Was an Initiate of Vehumet.
             Killed from afar by an orc wizard (1 damage)
             ... with a magic dart
             ... on level 6 of the Dungeon.
             The game lasted 00:21:32 (4593 turns).

theAP the Geomancer (Gargoyle Earth Elementalist)   Turns: 4593, Time: 00:21:32

Health: 0/41       AC: 13    Str: 14    XL:     8   Next: 76%
Magic:  6/16       EV: 12    Int: 18    God:    Vehumet [......]
Gold:   302        SH:  0    Dex:  8    Spells: 9/18 levels left

rFire    . . .     SeeInvis .   h - +1 whip (freeze)
rCold    . . .     Gourm    .   (no shield)
rNeg     + . .     Faith    .   c - +0 robe
rPois    ∞         Spirit   .   (no helmet)
rElec    +         Reflect  .   m - +0 cloak
rCorr    +         Harm     .   s - +0 pair of gloves
MR       +....                  (no boots)
Stlth    ++........             (no amulet)
Regen    0.2/turn               n - ring of resist corrosion
MPRegen  0.2/turn               t - +4 ring of protection

@: hasted, very quick
A: clumsy 1, magic resistance 1, negative energy resistance 1, electricity
resistance, strong 1, unbreathing, petrification resistance, rot immunity, AC +5
a: Renounce Religion


You were on level 6 of the Dungeon.
You worshipped Vehumet.
Vehumet was noncommittal.
You were not hungry.

You visited 2 branches of the dungeon, and saw 7 of its levels.

You collected 302 gold pieces.

Inventory:

Hand Weapons
 g - a +0 mace
 h - a +1 whip of freezing (weapon)
Missiles
 b - 62 stones (quivered)
Armour
 c - a +0 robe (worn)
 m - a +0 cloak (worn)
 p - a +0 shield
 s - a +0 pair of gloves (worn)
Jewellery
 n - a ring of resist corrosion (left hand)
 t - a +4 ring of protection (right hand)
Wands
 q - a wand of disintegration (6/24)
Scrolls
 k - a scroll of teleportation
 l - 2 scrolls of amnesia
 o - a scroll of remove curse
 r - 7 scrolls of identify
Potions
 u - a potion of lignification
Books
 e - a book of Geomancy

   Spells                             Type                      Level
   a - Sandblast                      Earth                        1
   b - Passwall                       Transmutation/Earth          2
   c - Stone Arrow                    Conjuration/Earth            3
   d - Petrify                        Transmutation/Earth          4
   e - Lee's Rapid Deconstruction     Earth                        5
Comestibles
 a - 5 royal jellies
 d - 3 bread rations
 f - 7 fruits
 i - 2 meat rations


   Skills:
 + Level 0.2 Fighting
 + Level 0.6 Maces & Flails
 + Level 0.4 Armour
 - Level 1.5 Dodging
 - Level 2.1 Stealth
 + Level 5.9 Spellcasting
 + Level 6.3 Conjurations
   Level 0.7 Transmutations
 + Level 8.0 Earth Magic
 + Level 0.1 Evocations


You had 9 spell levels left.
You knew the following spells:

 Your Spells              Type           Power        Failure   Level  Hunger
a - Sandblast             Erth           ####..       1%          1    None
b - Stone Arrow           Conj/Erth      ####..       1%          3    ##.....
c - Lee's Rapid Deconstr  Erth           ####......   12%         5    #####..


Dungeon Overview and Level Annotations

Branches:
Dungeon (6/15)             Temple (1/1) D:6

Altars:
Cheibriados
Elyvilon
Okawaru
Vehumet
Yredelemnul


Innate Abilities, Weirdness & Mutations

You are resistant to torment.
Your stone body is resilient. (AC +5)
You are immune to poison.
You resist negative energy. (rN+)
You are resistant to electric shocks. (rElec)
You can survive without breathing.
You are immune to petrification.
You are immune to rotting.
You are clumsy. (Dex -2)
You are resistant to hostile enchantments. (MR+)
Your muscles are strong. (Str +2)


Message History

* * * LOW HITPOINT WARNING * * *
The orc wizard hits you but does no damage.
The orc wizard hits you but does no damage.
The orc wizard gestures wildly while chanting.
The orc wizard blinks!
The orc wizard hits you but does no damage.
The orc wizard hits you but does no damage.
The orc wizard hits you but does no damage.
The orc wizard points at you and mumbles some strange words.
The magic dart hits you!
* * * LOW HITPOINT WARNING * * *
The orc wizard casts a spell at you. The puff of flame hits you!
* * * LOW HITPOINT WARNING * * *
It was a potion of haste.
You feel yourself speed up. The orc wizard hits you with a dagger.
* * * LOW HITPOINT WARNING * * *
The orc wizard gestures at you while chanting.
The magic dart hits you!
You die...

.....#.........####
..# ##...###..#
##.#.###..#
.##..#..##..#
...###.##..#
..#....#.##..#
##.#.##.#.##..#
........oo##.)###
.........@#.....##
.................###
...................#
...................#
...................#
.........b.........#
......<............#
...................#
##.............(..#


You could see 2 orc wizards.

Vanquished Creatures
  Pikel (D:4)
  A hippogriff (D:5)
  A sky beast (D:3)
  2 centaurs
  An ogre (D:5)
  2 howler monkeys
  A crimson imp (D:5)
  An orc priest (D:6)
  A gnoll shaman (D:4)
  4 worker ants
  A hound skeleton (D:6)
  A worker ant zombie (D:6)
  8 gnolls
  6 adders
  An adder skeleton (D:4)
  6 worms
  3 dart slugs
  6 leopard geckos
  5 orcs
  3 giant cockroaches
  8 goblins
  6 hobgoblins
  6 jackals (D:5)
  10 kobolds
  4 quokkas
  5 bats
  A frilled lizard (D:5)
  11 rats
106 creatures vanquished.

Vanquished Creatures (others)
  A slave (D:4)
  Purgy (D:4)
  2 orcs (D:4)
4 creatures vanquished.

Grand Total: 110 creatures vanquished

Notes
Turn   | Place    | Note
-------+----------+-------------------------------------------
     0 | D:1      | theAP the Gargoyle Earth Elementalist began the quest for the Orb.
     0 | D:1      | Reached XP level 1. HP: 10/10 MP: 3/3
   194 | D:1      | Reached skill level 4 in Earth Magic
   194 | D:1      | Reached XP level 2. HP: 15/15 MP: 3/5
   783 | D:1      | Reached XP level 3. HP: 19/19 MP: 2/6
  1052 | D:1      | Learned a level 3 spell: Stone Arrow
  1178 | D:2      | Found a basalt altar of Yredelemnul.
  1281 | D:2      | Reached XP level 4. HP: 24/24 MP: 3/8
  1321 | D:2      | Reached skill level 1 in Conjurations
  1833 | D:3      | Noticed a sky beast
  1872 | D:3      | Killed a sky beast
  1872 | D:3      | Reached skill level 5 in Earth Magic
  1872 | D:3      | Reached XP level 5. HP: 18/28 MP: 3/10
  1991 | D:3      | Reached XP level 6. HP: 32/32 MP: 7/11
  2379 | D:4      | Noticed a slave
  2380 | D:4      | Noticed a slave
  2381 | D:4      | Noticed Pikel
  2381 | D:4      | Noticed a slave
  2388 | D:4      | Noticed a slave
  2410 | D:4      | Noticed Purgy
  2413 | D:4      | Killed Pikel
  2413 | D:4      | Reached skill level 5 in Spellcasting
  2413 | D:4      | Reached skill level 7 in Earth Magic
  2413 | D:4      | Reached XP level 7. HP: 22/36 MP: 1/14
  2421 | D:4      | Gained mutation: You are clumsy. (Dex -2) [potion of mutation]
  2421 | D:4      | Gained mutation: Your muscles are strong. (Str +2) [potion of mutation]
  2421 | D:4      | Gained mutation: You are resistant to hostile enchantments. (MR+) [potion of mutation]
  2426 | D:4      | Killed Purgy
  2561 | D:4      | Reached skill level 5 in Conjurations
  2600 | D:4      | Reached XP level 8. HP: 34/41 MP: 5/15
  3228 | D:5      | Entered Level 5 of the Dungeon
  3307 | D:5      | Found an iron altar of Okawaru.
  3540 | D:5      | Noticed a hippogriff
  3556 | D:5      | Killed a hippogriff
  3987 | D:5      | Reached skill level 8 in Earth Magic
  4399 | D:5      | Learned a level 5 spell: Lee's Rapid Deconstruction
  4476 | D:6      | Found a staircase to the Ecumenical Temple.
  4487 | Temple   | Entered the Ecumenical Temple
  4494 | Temple   | Became a worshipper of Vehumet
  4593 | D:6      | HP: 1/41 [orc wizard/dagger (2)]
  4593 | D:6      | Killed from afar by an orc wizard

Skill      XL: |  1  2  3  4  5  6  7  8 |
---------------+-------------------------+-----
Earth Magic    | 4 5 7 8 |  8.0
Conjurations   | 2 4 5 6 |  6.3
Spellcasting   | 3 5 |  5.9
Fighting       | |  0.2
Maces & Flails | |  0.6
Armour         | |  0.4
Dodging        | |  1.5
Stealth        | |  2.1
Transmutations | |  0.7
Evocations     | |  0.1

Action                   |  1- 3 |  4- 6 |  7- 9 || total
-------------------------+-------+-------+-------++-------
Melee: Mace              |    10 |    17 |       ||    27
       Whip              |       |       |    20 ||    20
 Cast: Sandblast         |    43 |    62 |    54 ||   159
       Stone Arrow       |       |     7 |    10 ||    17
       Lee's Rapid Decon |       |       |     1 ||     1
  Use: Potion            |       |     2 |     4 ||     6
       Scroll            |       |       |     4 ||     4
  Eat: Chunk             |     1 |     3 |     4 ||     8
       Fruit             |     1 |       |     2 ||     3
       Meat ration       |       |       |     1 ||     1
Armor: Robe              |     6 |    11 |    29 ||    46
Dodge: Dodged            |    13 |    19 |    22 ||    54
